 Dungeon Crawl Stone Soup version 0.30-a0-222-ge547ba4400 (webtiles) character file.

Game seed: 800820416688143654

158 qw the Chopper (level 5, 0/32 HPs)
             Began as a Gargoyle Fighter on Oct 8, 2022.
             Slain by Grinder (3 damage)
             ... on level 3 of the Dungeon.
             The game lasted 00:00:44 (1950 turns).

qw the Chopper (Gargoyle Fighter)                   Turns: 1950, Time: 00:00:45

Health: 0/32       AC: 12    Str: 22    XL:     5   Next: 39%
Magic:  5/5        EV:  9    Int:  8    God:
Gold:   101        SH:  4    Dex:  9    Spells: 4/4 levels left

rFire   . . .      SeeInvis +    Y - +0 war axe
rCold   . . .      Faith    .    c - +0 buckler
rNeg    + . .      Spirit   .    b - +0 scale mail
rPois   inf        Reflect  .    e - +0 helmet
rElec   +          Harm     .    (no cloak)
rCorr   .          Rampage  .    (no gloves)
Will    .....                    (no boots)
Stlth   ..........               (no amulet)
HPRegen 0.25/turn                m - ring of see invisible
MPRegen 0.09/turn                (no ring)

@: no status effects
A: sickness immunity, AC +4, negative energy resistance 1, electricity
resistance, torment resistance 1, petrification resistance, mutation resistance
1
a: no special abilities


You were on level 3 of the Dungeon.
You visited 1 branch of the dungeon, and saw 3 of its levels.

You collected 101 gold pieces.


Innate Abilities, Weirdness & Mutations

You are immune to sickness and miasma.
Your stone body is resilient. (AC +4)
You are immune to poison.
You resist negative energy. (rN+)
You are resistant to electric shocks. (rElec)
You are resistant to unholy torment.
You are immune to petrification.
You are somewhat resistant to further mutation.


   Skills:
 - Level 3.2 Fighting
 + Level 4.9 Axes
 - Level 3.2 Armour
 - Level 3.2 Shields


You had 4 spell levels left.
You didn't know any spells.
Your spell library was empty.

Inventory:

Hand Weapons
 g - a +0 morningstar
 Y - a +0 war axe (weapon)
Armour
 b - a +0 scale mail (worn)
 c - a +0 buckler (worn)
 e - a +0 helmet (worn)
Jewellery
 m - a ring of see invisible (left hand)
Potions
 a - a potion of degeneration {unknown}
 d - a potion of might
 i - a potion of cancellation {unknown}
 j - a potion of mutation
 k - a potion of curing
 l - a potion of lignification {unknown}

Dungeon Overview and Level Annotations

Branches:
Dungeon (3/15)

Altars:

Shops:
D:3 [

Annotations:
D:3 Grinder


Message History

Enter note: Grinder blinks!
Grinder blinks!
You hit Grinder but do no damage. Grinder hits you. Grinder barely misses you.
You slash Grinder!
Grinder is heavily wounded.
Grinder hits you.
You barely miss Grinder.
Grinder is heavily wounded.
You block Grinder's attack.
You closely miss Grinder.
Grinder is heavily wounded.
Grinder hits you!
You writhe in agony.
Grinder gestures at you.
You suddenly lose the ability to move!
Grinder hits you! Grinder hits you but does no damage.
Grinder barely misses you.
You can move again.
You hit Grinder.
Grinder is heavily wounded.
Grinder hits you but does no damage.
You barely miss Grinder.
Grinder is heavily wounded.
Grinder gestures at you. Pain shoots through your body!
You slash Grinder!
Grinder is almost dead.
Grinder gestures at you.
You suddenly lose the ability to move!
Grinder gestures at you. Pain shoots through your body!
Grinder hits you but does no damage. Grinder hits you.
You writhe in agony.
You can move again.
You hit Grinder.
Grinder is almost dead.
Grinder hits you.
You die...

.###....##### ########
........###############
........'..............
........#######.######.
####....# ##.# ######
##..# #####..## #
#.....####...#
#.###@5.......
####<#.#.. #


You could see Grinder.

Vanquished Creatures
  Jessica (D:2)
  Natasha (twice) (D:2)
  Robin (D:2)
  2 adders
  3 dart slugs
  4 endoplasms
  3 giant cockroaches
  4 hobgoblins (D:2)
  A quokka (D:1)
  A ball python (D:2)
  4 bats (D:1)
  A frilled lizard (D:2)
  13 goblins
  5 kobolds
  4 rats
49 creatures vanquished.

Vanquished Creatures (others)
  2 fungi (D:2)
  4 plants (D:2)
6 creatures vanquished.

Grand Total: 55 creatures vanquished

Notes
Turn   | Place    | Note
-------+----------+-------------------------------------------
     0 | D:1      | qw the Gargoyle Fighter began the quest for the Orb.
     0 | D:1      | Reached XP level 1. HP: 14/14 MP: 1/1
     0 | D:1      | 0 ||| qw: Version: 0.2-a-17-gfa9de96
     0 | D:1      | 0 ||| qw: Game counter: 2001
     0 | D:1      | 0 ||| qw: Always use a shield: true
     0 | D:1      | 0 ||| qw: God list: Okawaru
     0 | D:1      | 0 ||| qw: Allow faded altars: false
     0 | D:1      | 0 ||| qw: Do Orc after D:15 true
     0 | D:1      | 0 ||| qw: Do second Lair branch before Depths: true
     0 | D:1      | 0 ||| qw: Lair rune preference: random
     0 | D:1      | 0 ||| qw: Plans: Normal, Zot:1-4, God:TSO, Crypt, Tomb,
                  | Pan, Slime:5, Hells, Abyss, Orb
     0 | D:1      | 0 ||| PLANNING D:1-11
    25 | D:1      | 25 ||| Stepping ~*~*~tactically~*~*~ (hiding).
    34 | D:1      | Reached skill level 2 in Axes
   165 | D:1      | You fall into a shaft and drop 1 floor!
   171 | D:2      | Reached XP level 2. HP: 17/19 MP: 2/2
   296 | D:2      | Noticed Jessica
   304 | D:2      | Killed Jessica
   305 | D:2      | Reached skill level 3 in Axes
   305 | D:2      | Reached XP level 3. HP: 11/23 MP: 3/3
   306 | D:2      | 306 ||| Stepping ~*~*~tactically~*~*~ (hiding).
   307 | D:2      | 307 ||| STAIRDANCE
   678 | D:1      | 678 ||| Stepping ~*~*~tactically~*~*~ (hiding).
   744 | D:1      | Reached XP level 4. HP: 28/28 MP: 4/4
   829 | D:1      | 829 ||| READING scroll labelled PUN GIREEQIPNOPNU.
   830 | D:1      | 830 ||| READING scroll labelled OGUSMEOTEDGH.
   831 | D:1      | 831 ||| DRINKING 2 silvery potions.
   831 | D:1      | Gained mutation: You are somewhat resistant to further
                  | mutation. [potion of mutation]
   849 | D:2      | 849 ||| Stepping ~*~*~tactically~*~*~ (stealth).
   851 | D:2      | 851 ||| Stepping ~*~*~tactically~*~*~ (stealth).
   854 | D:2      | 854 ||| Stepping ~*~*~tactically~*~*~ (stealth).
   855 | D:2      | 855 ||| Stepping ~*~*~tactically~*~*~ (stealth).
   856 | D:2      | 856 ||| Stepping ~*~*~tactically~*~*~ (stealth).
   888 | D:2      | Found a faded altar of an unknown god.
   950 | D:2      | 950 ||| Stepping ~*~*~tactically~*~*~ (stealth).
   973 | D:2      | 973 ||| DROPPING +0 whip of electrocution.
  1020 | D:2      | Noticed Robin
  1021 | D:2      | 1021 ||| Stepping ~*~*~tactically~*~*~ (stealth).
  1022 | D:2      | 1022 ||| Stepping ~*~*~tactically~*~*~ (stealth).
  1032 | D:2      | Killed Robin
  1033 | D:2      | Reached skill level 4 in Axes
  1033 | D:2      | 1033 ||| FLEEEEING.
  1034 | D:2      | 1034 ||| FLEEEEING.
  1036 | D:2      | 1036 ||| Stepping ~*~*~tactically~*~*~ (stealth).
  1114 | D:2      | 1114 ||| Stepping ~*~*~tactically~*~*~ (stealth).
  1340 | D:2      | Noticed Natasha
  1352 | D:2      | Killed Natasha
  1353 | D:2      | Reached XP level 5. HP: 21/32 MP: 5/5
  1650 | D:2      | Noticed Natasha
  1651 | D:2      | 1651 ||| Stepping ~*~*~tactically~*~*~ (stealth).
  1659 | D:2      | Killed Natasha
  1721 | D:2      | 1721 ||| UPGRADING to +0 helmet.
  1726 | D:2      | 1726 ||| DROPPING orb of light.
  1727 | D:2      | 1727 ||| UPGRADING to ring of see invisible.
  1728 | D:2      | 1728 ||| READING scroll labelled KOSITE KETAGGEEGG.
  1729 | D:2      | 1729 ||| DRINKING 3 pink potions.
  1834 | D:2      | 1834 ||| DRINKING 2 golden potions.
  1835 | D:2      | 1835 ||| DROPPING 2 potions of berserk rage.
  1911 | D:3      | Found Qatom's Armour Shop.
  1915 | D:3      | 1915 ||| SHOPLISTING +0 scale mail "Udocow" {rC+} (198
                  | gold, have 101).
  1915 | D:3      | 1915 ||| SHOPLISTING +4 ring mail of fire resistance (341
                  | gold, have 101).
  1935 | D:3      | Noticed Grinder
  1941 | D:3      | Paralysed by Grinder for 4 turns
  1946 | D:3      | HP: 7/32 [Grinder/nerve-wracking pain (7)]
  1947 | D:3      | Paralysed by Grinder for 3 turns
  1949 | D:3      | HP: 3/32 [Grinder (3)]
  1950 | D:3      | Slain by Grinder

Levels and vault maps discovered:
D:1:      lemuel_arrival_behind_the_door_small, layout_basic
D:2:      minmay_general_purpose_star, layout_basic,
          dreamdust_ecumenical_altar_hidden_monk_grotto,
          chequers_serial_rivers_micro_b, uniq_jessica, uniq_robin, uniq_natasha
D:3:      layout_basic, serial_shops, shop, nicolae_diamond_shop, shop, shop,
          minmay_strange_pillars, minmay_checkerbox, uniq_grinder,
          uniq_crazy_yiuf_cottage

Skill      XL: |  1  2  3  4 |
---------------+-------------+-----
Axes           | 2 3 4 |  4.9
Fighting       | |  3.2
Armour         | |  3.2
Shields        | |  3.2

Action                   |  1- 3 |  4- 6 || total
-------------------------+-------+-------++-------
Melee: War axe           |    62 |    84 ||   146
  Use: Scroll            |       |     3 ||     3
       Potion            |       |     3 ||     3
Armor: Scale mail        |    35 |    34 ||    69
Dodge: Dodged            |    24 |    29 ||    53
Block: Buckler           |    13 |    15 ||    28

Table legend:
 A = Non-vault XP
 B = Vault XP
 C = Vault XP percentage of total XP
 D = Non-vault monster count
 E = Vault monster count
 F = Vault count percentage of total count
                 A         B        C        D         E       F
            +---------+---------+-------+---------+---------+-------
      Total |     112 |     114 |  50.4 |      32 |      17 |  34.7
            +---------+---------+-------+---------+---------+-------
        D:1 |      27 |       0 |   0.0 |      16 |       0 |   0.0
        D:2 |      72 |     109 |  60.2 |      15 |      14 |  48.3
        D:3 |      13 |       5 |  27.8 |       1 |       3 |  75.0
            +---------+---------+-------+---------+---------+-------
